 Dungeon Crawl Stone Soup version 0.31-a0-345-g1ebeae05c6 (webtiles) character file.

Game seed: 9823641102079357723

4 LeprechaunX the Ruffian (level 1, 0/13 HPs)
             Began as an Octopode Shapeshifter on July 23, 2023.
             Slain by a rat (2 damage)
             ... on level 1 of the Dungeon.
             The game lasted 00:00:12 (240 turns).

LeprechaunX the Ruffian (Octopode Shapeshifter)      Turns: 240, Time: 00:00:12

Health: 0/13       AC:  1    Str: 14    XL:     1   Next: 60%
Magic:  1/1        EV: 13    Int: 10    God:
Gold:   54         SH:  0    Dex: 12    Spells: 0/0 levels left

rFire   . .          .
                       - Unarmed
rCold   . . .        (no shield)
rNeg    . . .        (helmet currently unavailable)
rPois   .            (no amulet)
rElec   .            (no ring)
rCorr   .            (no ring)
SInv    .            (no ring)
Will    .....        (no ring)
Stlth   ++           (no ring)
HPRegen 0.22/turn    (no ring)
MPRegen 0.07/turn    (no ring)
                     (no ring)

%: no passive effects
@: beast-form
A: beast (slay +2), almost no armour, amphibious, 8 rings, camouflage 1,
gelatinous body 1, (nimble swimmer 1), tentacles
a: Begin Untransformation


You were on level 1 of the Dungeon.
You were a hulking beast.
You visited 1 branch of the dungeon, and saw 1 of its levels.

You collected 54 gold pieces.

Inventory:

Talismans
 b - a beast talisman
Scrolls
 c - a scroll of enchant weapon {unknown}
 e - a scroll of enchant armour {unknown}
Potions
 a - a potion of lignification
 d - a potion of berserk rage {unknown}


   Skills:
 + Level 1.1 Fighting
 + Level 2.0 Dodging
 * Level 3.1 Unarmed Combat
 * Level 3.0 Shapeshifting


You couldn't memorise any spells.
You didn't know any spells.
Your spell library was empty.

Dungeon Overview and Level Annotations

Branches:
Dungeon (1/15)

Altars:


Innate Abilities, Weirdness & Mutations

You are a hulking beast.
Your limbs bulge with bestial killing power. (Slay +2)
You cannot wear most types of armour.
You are amphibious.
You can wear up to eight rings at the same time.
Your skin changes colour to match your surroundings (Stealth+).
Your rubbery body absorbs attacks. (AC +1, EV +1)
((You are camouflaged when in or above water. (Stealth+)))
You have tentacles for arms and can constrict up to eight enemies at once.


Message History

You now have 46 gold pieces (gained 12).
Found a short sword.
You now have 54 gold pieces (gained 8).
A rat and a hobgoblin come into view.
Found a stone staircase leading down.
There are monsters nearby!
There are monsters nearby!
A ball python and a kobold come into view.
Found 4 boomerangs and a scroll labelled ZIHELLISOM.
The kobold shouts!
The kobold throws a stone.
The stone hits you.
The ball python hisses angrily.
The hobgoblin shouts!
The hobgoblin hits you.
The kobold throws a stone.
The stone hits you.
You tentacle-slap the hobgoblin but do no damage.
You grab the hobgoblin. You constrict the hobgoblin. The hobgoblin hits you.
The kobold throws a stone.
The stone hits you but does no damage. The rat bites you.
* * * LOW HITPOINT WARNING * * *
You are too injured to fight recklessly!
You are too injured to fight recklessly!
You are too injured to fight recklessly!
You are too injured to fight recklessly!
You are too injured to fight recklessly!
You are too injured to fight recklessly!
You are too injured to fight recklessly!
You are too injured to fight recklessly!
You are too injured to fight recklessly!
You are too injured to fight recklessly!
You are too injured to fight recklessly!
You are too injured to fight recklessly!
You are too injured to fight recklessly!
You are too injured to fight recklessly!
You are too injured to fight recklessly!
You are too injured to fight recklessly!
You are too injured to fight recklessly!
You are too injured to fight recklessly!
You are too injured to fight recklessly!
You release your grip on the hobgoblin.
The rat attacks as you move away! The rat bites you.
You die...

######.##?###.#
#....#.#....#.##
#.##.#..........
####.##.#..........
#....##.#....K.....
#.#####.#..........
#######.#####.#..S.......
................hg.>.....
#######.....#.#..r.......
...................
#.).................
#.......#.######....
#.......#.# ....
#.......#.# ...
#.......#. ..


You could see a hobgoblin, a ball python, a kobold and a rat.

Vanquished Creatures
  A bat (D:1)
  A goblin (D:1)
  A frilled lizard (D:1)
  A rat (D:1)
4 creatures vanquished.

Notes
Turn   | Place    | Note
-------+----------+-------------------------------------------
     0 | D:1      | LeprechaunX the Octopode Shapeshifter began the quest for
                  | the Orb.
     0 | D:1      | Reached XP level 1. HP: 13/13 MP: 1/1
   240 | D:1      | Slain by a rat

Illustrated notes

Levels and vault maps discovered:
D:1:      scummos_arrival_simple_crosswalls, layout_basic

Action                     || total
---------------------------++-------
  Melee: Unarmed           ||     9
         Constrict         ||     5
         Tentacles         ||     1
   Stab: Sleeping          ||     1
 Armour: Skin              ||     3
  Dodge: Dodged            ||     2

Table legend: (Time is in decaauts)
 A = Elapsed time spent in this place.
 B = Non-inter-level travel time spent in this place.
 C = Inter-level travel time spent in this place.
 D = Time resting spent in this place.
 E = Time spent auto-exploring this place.
 F = Levels seen in this place.
 G = Mean time per level.
                   A        B        C        D        E       F      G
               +--------+--------+--------+--------+--------+-----+--------+
         Total |    239 |    239 |      0 |      0 |    199 |   1 |  239.0 |
       Dungeon |    239 |    239 |      0 |      0 |    199 |   1 |  239.0 |
               +--------+--------+--------+--------+--------+-----+--------+

Top non-repeatable levels by time:
     D:1: 239 daAuts
